 Dungeon Crawl Stone Soup version 0.27-a0-1545-g3eddc1d3d3 (webtiles) character file.

Game seed: 8899277811268157784

92 Feb132020 the Magician (level 4, 0/33 HPs)
             Began as a Draconian Hedge Wizard on July 13, 2021.
             Slain by a phantom (5 damage)
             ... on level 3 of the Dungeon.
             The game lasted 00:08:45 (3197 turns).

Feb132020 the Magician (Draconian Hedge Wizard)     Turns: 3197, Time: 00:08:46

Health: 0/33       AC:  5    Str: 12    XL:     4   Next: 35%
Magic:  7/10       EV: 12    Int: 15    God:
Gold:   74         SH:  0    Dex: 11    Spells: 5/11 levels left

rFire    . . .     SeeInvis .   a - +0 dagger
rCold    . . .     Faith    .   (no shield)
rNeg     . . .     Spirit   .   (armour unavailable)
rPois    .         Reflect  .   b - +0 hat
rElec    .         Harm     .   (no cloak)
rCorr    .         Rampage  .   (no gloves)
Will     .....                  (no boots)
Stlth    ++........             (no amulet)
HPRegen  0.11/turn              l - +4 ring of slaying
MPRegen  0.12/turn              (no ring)

@: no status effects
A: AC +5, unfitting armour, cold-blooded
a: no special abilities


You were on level 3 of the Dungeon.
You visited 1 branch of the dungeon, and saw 3 of its levels.

You collected 74 gold pieces.

Inventory:

Hand Weapons
 a - a +0 dagger (weapon)
Armour
 b - a +0 hat (worn)
Jewellery
 l - a +4 ring of slaying (left hand)
Scrolls
 d - a scroll of teleportation {unknown}
 f - a scroll of holy word {unknown}
 g - a scroll of noise {unknown}
 h - a scroll of acquirement {unknown}
 i - a scroll of silence {unknown}
 k - a scroll of fog
Potions
 c - a potion of berserk rage {unknown}
 e - a potion of ambrosia {unknown}
 j - a potion of curing


   Skills:
 + Level 2.2 Dodging
 + Level 2.5 Stealth
 + Level 4.1 Spellcasting
 + Level 1.4 Conjurations
 + Level 1.0 Summonings
 + Level 1.0 Translocations


You had 5 spell levels left.
You knew the following spells:

 Your Spells              Type           Power      Damage    Failure   Level
a - Magic Dart            Conj           28%        1d4       10%         1
b - Blink                 Tloc           N/A        N/A       19%         2
c - Mephitic Cloud        Conj/Pois/Air  4%         N/A       41%         3

Your spell library contained the following spells:

 Spells                   Type           Power      Damage    Failure   Level
 Call Imp                 Summ           6%         N/A       19%         2
 Slow                     Hex            3%         N/A       26%         2
 Conjure Flame            Conj/Fire      5%         6-21      36%         3


Dungeon Overview and Level Annotations

Branches:
Dungeon (3/15)

Altars:
Hepliaklqana


Innate Abilities, Weirdness & Mutations

Your plain brown scales are hard. (AC +5)
You cannot fit into any form of body armour.
You are cold-blooded and may be slowed by cold attacks.


Message History

The phantom is heavily damaged.
The phantom barely misses you.
Your magical contamination has completely faded away.
You closely miss the phantom.
The phantom is heavily damaged.
The phantom hits you but does no damage.
You barely miss the phantom.
You tail-slap the phantom, but do no damage.
The phantom is heavily damaged.
The phantom hits you.
You hit the phantom.
The phantom is severely damaged.
The phantom hits you.
The phantom blinks!
You blink.
You hit the phantom but do no damage.
The phantom is severely damaged.
The phantom hits you but does no damage.
You hit the phantom.
The phantom is severely damaged.
The phantom hits you!
* * * LOW HITPOINT WARNING * * *
The phantom blinks!
You blink.
You barely miss the phantom.
Your tail-slap misses the phantom.
The phantom is severely damaged.
The phantom hits you.
* * * LOW HITPOINT WARNING * * *
Unknown command.
It was a potion of curing.
You feel better. The phantom hits you.
* * * LOW HITPOINT WARNING * * *
You barely miss the phantom.
The phantom is severely damaged.
The phantom hits you.
* * * LOW HITPOINT WARNING * * *
Unknown command.
You closely miss the phantom.
The phantom is severely damaged.
The phantom misses you.
You hit the phantom.
The phantom is severely damaged.
The phantom hits you.
You die...

# ######### ..
..###.......#
#.. ..........#
#.# #.....W..#
#.. #....>.@.#
#.. #........#
#.# #........#
#.#####........#
#.......##.#####
####.########.#
#......# #..
..##.#.# ..#
......... .## #.
#


You could see a phantom.

Vanquished Creatures
  3 adders (D:2)
  A worm (D:2)
  3 dart slugs
  4 endoplasms
  2 giant cockroaches
  5 hobgoblins
  7 jackals
  2 kobolds
  A quokka (D:3)
  4 ball pythons
  3 bats
  6 frilled lizards
  5 goblins
  6 rats
52 creatures vanquished.

Vanquished Creatures (others)
  A dart slug (D:3)
  A hobgoblin (D:3)
2 creatures vanquished.

Grand Total: 54 creatures vanquished

Notes
Turn   | Place    | Note
-------+----------+-------------------------------------------
     0 | D:1      | Feb132020 the Draconian Hedge Wizard began the quest for
                  | the Orb.
     0 | D:1      | Reached XP level 1. HP: 14/14 MP: 4/4
   245 | D:1      | Reached XP level 2. HP: 20/20 MP: 6/6
   645 | D:1      | Learned a level 2 spell: Blink
  1185 | D:1      | Reached XP level 3. HP: 24/26 MP: 8/8
  1189 | D:1      | Learned a level 3 spell: Mephitic Cloud
  1687 | D:2      | Reached skill level 4 in Spellcasting
  1878 | D:2      | Reached XP level 4. HP: 33/33 MP: 7/10
  3034 | D:3      | Found a hazy altar of Hepliaklqana.
  3178 | D:3      | Noticed a phantom
  3197 | D:3      | Slain by a phantom

Illustrated notes

Levels and vault maps discovered:
D:1:      minmay_arrival_open_corners, layout_loops_cross
D:2:      layout_basic, nrook_campfire
D:3:      layout_loops_cross, general_overflow_altar, lemuel_flame_loot_1

Skill      XL: |  1  2  3 |
---------------+----------+-----
Stealth        | 2 |  2.5
Dodging        | 2 |  2.2
Spellcasting   | 4 |  4.1
Conjurations   | |  1.4
Summonings     | |  1.0
Translocations | |  1.0

Action                   |  1- 3 |  4- 6 || total
-------------------------+-------+-------++-------
Melee: Dagger            |    88 |    38 ||   126
       Tailslap          |    13 |     4 ||    17
 Cast: Magic Dart        |    61 |    50 ||   111
  Use: Scroll            |       |     1 ||     1
       Potion            |       |     1 ||     1
 Stab: Sleeping          |     2 |     2 ||     4
Armor: Skin              |    26 |    10 ||    36
Dodge: Dodged            |    64 |    18 ||    82

Table legend: (Time is in decaauts)
 A = Elapsed time spent in this place.
 B = Non-inter-level travel time spent in this place.
 C = Inter-level travel time spent in this place.
 D = Time resting spent in this place.
 E = Time spent auto-exploring this place.
 F = Levels seen in this place.
 G = Mean time per level.
                   A        B        C        D        E       F      G
               +--------+--------+--------+--------+--------+-----+--------+
         Total |   3196 |   3080 |    116 |     23 |   2639 |   3 | 1065.3 |
       Dungeon |   3196 |   3080 |    116 |     23 |   2639 |   3 | 1065.3 |
               +--------+--------+--------+--------+--------+-----+--------+

Top non-repeatable levels by time:
     D:2: 1420 daAuts
     D:1: 1288 daAuts
     D:3: 487 daAuts
